 Dungeon Crawl Stone Soup version 0.19-a0-1903-gead39cf (webtiles) character file.

9916 JeffiDaFish the Carver (level 11, -8/85 HPs)
             Began as a Hill Orc Fighter on Oct 21, 2016.
             Was an Elder of Beogh.
             Mangled by a fire elemental (10 damage)
             ... in a volcano.
             The game lasted 00:41:12 (13246 turns).

JeffiDaFish the Carver (Hill Orc Fighter)          Turns: 13246, Time: 00:41:13

Health: -8/85      AC: 18    Str: 23    XL:     11   Next: 54%
Magic:  18/18      EV:  6    Int: 14    God:    Beogh [****..]
Gold:   578        SH: 12    Dex: 15    Spells: 1 memorised, 18 levels left

rFire  . . .     SeeInvis .     a - +3 long sword
rCold  . . .     Gourm    .     p - +0 plate armour
rNeg   . . .     Faith    +     c - +0 shield
rPois  .         Spirit   .     h - +0 helmet
rElec  .         Reflect  .     t - +2 cloak
rCorr  .         Harm     .     (no gloves)
MR     .....                    (no boots)
Stlth  ..........               x - amulet of faith
                                l - +6 ring of intelligence
                                e - +5 ring of dexterity

@: very slightly contaminated, invisible (expiring)
A: frail 1
a: Smiting, Recall Orcish Followers, Renounce Religion


You were in a volcano.
You worshipped Beogh.
Beogh was greatly pleased with you.
You were not hungry.

You visited 2 branches of the dungeon, and saw 11 of its levels.
You also visited: Volcano.

You collected 648 gold pieces.
You spent 70 gold pieces at shops.

Inventory:

Hand Weapons
 a - a +3 long sword (weapon)
Armour
 c - a +0 shield (worn)
 h - a +0 helmet (worn)
 p - a +0 plate armour (worn)
 t - a +2 cloak (worn)
Jewellery
 e - a +5 ring of dexterity (left hand)
 l - a +6 ring of intelligence (right hand)
 x - an amulet of faith (around neck)
Scrolls
 d - 3 scrolls of identify
 j - 3 scrolls of remove curse
 k - 4 scrolls of teleportation
 o - 2 scrolls of amnesia
 u - 3 scrolls of recharging
 A - 3 scrolls of blinking
 M - a scroll of fear
Potions
 g - 2 potions of cure mutation
 i - a potion of haste {unknown}
 m - 2 potions of ambrosia
 q - 3 potions of curing
 w - a potion of might
 F - a potion of brilliance
Books
 s - a book of Changes

   Spells                             Type                      Level
   a - Beastly Appendage              Transmutation                1
   b - Sticks to Snakes               Transmutation                2
   c - Spider Form                    Transmutation/Poison         3
   d - Ice Form                       Ice/Transmutation            4
   e - Blade Hands                    Transmutation                5
Comestibles
 f - 4 bread rations
 n - 3 meat rations
 r - 2 fruits
 z - a slice of pizza


   Skills:
 + Level 8.8 Fighting
 + Level 9.6 Long Blades
 + Level 8.2 Armour
 - Level 1.9 Dodging
 - Level 1.0 Stealth
 + Level 8.7 Shields
 * Level 5.0 Spellcasting
 * Level 5.0 Transmutations


You had 18 spell levels left.
You knew the following spells:

 Your Spells              Type           Power        Failure   Level  Hunger
a - Sticks to Snakes      Tmut           ###.....     93%         2    ##.....


Dungeon Overview and Level Annotations

Branches:
Dungeon (9/15)             Temple (0/1) D:5            Lair (2/6) D:9
  Swamp (0/4) Lair:2
  Snake: Lair:2-4    Spider: Lair:2-4       Orc: D:9-12

Altars:
Elyvilon
Gozag
Kikubaaqudgha
Nemelex Xobeh
Okawaru
Ru
Zin

Shops:
D:4 !   D:5 *   D:8 *


Innate Abilities, Weirdness & Mutations

You are frail. (-10% HP)


Message History

The fire elemental is moderately damaged.
You float gracefully downwards.
The efreet gestures at the fire elemental.
The fireball explodes!
The fireball engulfs the fire elemental.
The fire elemental completely resists.
The fireball engulfs the fire elemental.
The fire elemental completely resists.
You feel better. The fire elemental hits you. The fire elemental burns you!
* * * LOW HITPOINT WARNING * * *
The fire elemental completely misses you.
The fire elemental hits you. The fire elemental burns you!
* * * LOW HITPOINT WARNING * * *
A lava snake comes into view.
You flicker for a moment.
The lava snake hisses angrily.
You block the fire elemental's attack. x2
The lava snake hisses angrily.
The fire elemental hits you. The fire elemental burns you!
You die...

##§########.§§≈§§≈≈≈≈≈≈≈≈§≈.....#
..§.§......≈§≈≈≈≈§§≈§§≈§≈§≈......
≈≈≈§≈≈≈§≈§≈§§§§§§§§≈≈≈≈≈§§.....##
≈≈≈≈≈≈≈§≈≈≈§≈≈≈§≈§≈§≈≈§§§....∩.∩#
≈§§≈≈≈≈§§§≈≈§§§§≈§§§≈≈≈......####
≈§≈≈≈≈≈≈≈≈§≈S≈≈≈≈≈≈§≈........#
≈≈§§§≈≈≈≈≈§§§≈≈§≈..........###
≈≈≈§≈§≈≈§§§§§≈≈≈..........##
.§§§≈R§≈§§§§§E..@......####
...§§..R§§R§..§E.#######
..............####
###.#..##.##### #########


You could see an efreet, 2 fire elementals and a lava snake (wandering).

Vanquished Creatures
  The ghost of Thatotherguy the Spear-Bearer, a novice HuFi of Ru (D:8)
  Pikel (D:7)
  A black mamba (Lair:2)
  Psyche (D:8)
  3 hippogriffs
  A hornet (D:6)
  Grinder (D:6)
  4 spriggans
  Eustachio (D:6)
  A fire elemental (Volcano)
  A basilisk (Lair:1)
  A fire bat (Volcano)
  A hungry ghost (D:8)
  2 water moccasins
  A porcupine (Lair:1)
  A black bear (D:8)
  3 orc warriors
  2 ice beasts
  4 sky beasts
  A phantom (D:6)
  3 centaurs
  2 crocodiles (Lair:1)
  2 elf zombies (D:8)
  2 ogres
  7 big kobolds
  4 bullfrogs
  An elf skeleton (D:8)
  2 wyvern zombies
  A gnoll sergeant (D:6)
  2 scorpions
  A troll zombie (D:8)
  5 howler monkeys
  4 wights
  3 crimson imps
  5 lava snakes (Volcano)
  A quasit (D:6)
  A bullfrog zombie (D:6)
  3 human zombies (D:8)
  7 hounds
  3 jellies (D:9)
  5 orc wizards
  2 centaur skeletons
  A human skeleton (D:8)
  6 worker ants
  A hound skeleton (D:5)
  3 mummies (D:8)
  8 gnolls
  12 adders
  A shadow imp (D:5)
  An ooze (D:3)
  An adder skeleton (D:6)
  2 worms
  3 dart slugs
  5 leopard geckos
  32 orcs
  A ball python (D:1)
  9 bats
  5 giant cockroaches
  10 goblins
  12 hobgoblins
  5 jackals
  56 kobolds
  4 quokkas
  5 frilled lizards
  A jackal zombie (D:6)
  A quokka skeleton (D:5)
  16 rats
  A fungus (D:9)
300 creatures vanquished.

Vanquished Creatures (collateral kills)
  2 komodo dragons (Lair:1)
  3 yaks (Lair:1)
  A wyvern (D:9)
  A basilisk (Lair:2)
  A water moccasin (Lair:1)
  A black bear (Lair:1)
  A crocodile (Lair:2)
  3 bullfrogs
  A howler monkey (D:9)
  A crimson imp (D:8)
  An adder (D:9)
  2 fungi (D:9)
18 creatures vanquished.

Vanquished Creatures (others)
  3 slaves (D:7)
  3 orc wizards
  An orc (D:9)
  A quokka (D:9)
  A kobold (D:9)
9 creatures vanquished.

Grand Total: 327 creatures vanquished

Notes
Turn   | Place    | Note
-------+----------+-------------------------------------------
     0 | D:1      | JeffiDaFish the Hill Orc Fighter began the quest for the Orb.
     0 | D:1      | Reached XP level 1. HP: 19/19 MP: 1/1
   107 | D:1      | Reached XP level 2. HP: 20/27 MP: 2/2
   355 | D:1      | Reached XP level 3. HP: 32/33 MP: 3/3
   931 | D:2      | Reached XP level 4. HP: 24/40 MP: 4/4
   937 | D:2      | Reached skill level 3 in Long Blades
  1357 | D:2      | Found an iron altar of Okawaru.
  1460 | D:2      | Reached XP level 5. HP: 17/46 MP: 5/5
  2177 | D:3      | Gained mutation: You expend magic power (3 MP) to strengthen your wands. [potion of mutation]
  2177 | D:3      | Gained mutation: Your system is resistant to poisons. (rPois) [potion of mutation]
  2177 | D:3      | Gained mutation: You have a pair of small horns on your head. [potion of mutation]
  2409 | D:3      | Noticed a big kobold
  2416 | D:3      | Killed a big kobold
  2416 | D:3      | Reached skill level 4 in Long Blades
  2416 | D:3      | Reached XP level 6. HP: 45/53 MP: 6/6
  2546 | D:3      | Reached skill level 5 in Long Blades
  2546 | D:3      | Reached skill level 5 in Shields
  2557 | D:3      | Reached skill level 5 in Fighting
  2557 | D:3      | Reached XP level 7. HP: 27/61 MP: 7/7
  2558 | D:3      | Reached skill level 1 in Dodging
  3596 | D:4      | Reached skill level 5 in Armour
  3829 | D:4      | Became a worshipper of Beogh the Brigand
  3839 | D:4      | Reached skill level 6 in Long Blades
  4057 | D:4      | Reached XP level 8. HP: 40/69 MP: 8/8
  4635 | D:4      | Found Coifourgh's Distillery.
  4640 | D:4      | Bought a potion of curing for 30 gold pieces
  4640 | D:4      | Bought a potion of might for 40 gold pieces
  4729 | D:5      | Entered Level 5 of the Dungeon
  4772 | D:5      | Found a sparkling altar of Nemelex Xobeh.
  4798 | D:5      | Found an opulent altar of Gozag.
  4802 | D:5      | Found Gozag's Platinum Reserve.
  5355 | D:5      | Found a staircase to the Ecumenical Temple.
  5491 | D:6      | Found a sacrificial altar of Ru.
  5514 | D:6      | Reached skill level 7 in Long Blades
  5684 | D:6      | Noticed Grinder
  5706 | D:6      | Killed Grinder
  5706 | D:6      | Reached * piety under Beogh
  5720 | D:6      | Reached XP level 9. HP: 66/78 MP: 9/9
  5955 | D:6      | Reached skill level 8 in Long Blades
  5964 | D:6      | Reached skill level 1 in Stealth
  6033 | D:6      | Learned a level 2 spell: Sticks to Snakes
  6698 | D:6      | Reached skill level 1 in Transmutations
  6717 | D:6      | Noticed a hornet
  6717 | D:6      | Noticed Eustachio
  6726 | D:6      | Paralysed by a hornet for 3 turns
  6735 | D:6      | Killed a hornet
  6735 | D:6      | Reached skill level 1 in Spellcasting
  6759 | D:6      | Killed Eustachio
  7257 | D:7      | Noticed Pikel
  7265 | D:7      | Killed Pikel
  7265 | D:7      | Reached XP level 10. HP: 64/86 MP: 13/13
  7655 | D:7      | Reached ** piety under Beogh
  8496 | D:8      | Reached skill level 9 in Long Blades
  8781 | D:8      | Found an ancient bone altar of Kikubaaqudgha.
  8796 | D:8      | Reached *** piety under Beogh
  9021 | D:8      | Found Tuczesed's General Store.
  9091 | D:8      | Lost mutation: You expend magic power (3 MP) to strengthen your wands. [potion of cure mutation]
  9091 | D:8      | Lost mutation: You have a pair of small horns on your head. [potion of cure mutation]
  9091 | D:8      | Lost mutation: Your system is resistant to poisons. (rPois) [potion of cure mutation]
  9148 | D:8      | Noticed Psyche
  9167 | D:8      | Killed Psyche
  9483 | D:8      | Noticed Thatotherguy's ghost (novice HuFi)
  9508 | D:8      | Killed Thatotherguy's ghost
  9508 | D:8      | Reached XP level 11. HP: 78/95 MP: 17/17
  9552 | D:8      | Found a glowing silver altar of Zin.
 10005 | D:9      | Found a staircase to the Lair.
 10066 | D:9      | Gained Spirok as an ally
 10090 | D:9      | Found a white marble altar of Elyvilon.
 10858 | Lair:1   | Entered Level 1 of the Lair of Beasts
 11060 | Lair:1   | Gained mutation: You have sharp toenails. [potion of mutation]
 11060 | Lair:1   | Gained mutation: You are frail. (-10% HP) [potion of mutation]
 11061 | Lair:1   | Lost mutation: You have sharp toenails. [potion of cure mutation]
 11107 | Lair:1   | Reached **** piety under Beogh
 11965 | Lair:2   | Found a staircase to the Swamp.
 12065 | Lair:2   | Found a dark tunnel.
 12176 | Lair:2   | Reached skill level 5 in Transmutations
 12414 | Volcano  | Entered a volcano
 12513 | Volcano  | Reached skill level 5 in Spellcasting
 13210 | Volcano  | Found a radiant altar of Vehumet.
 13231 | Volcano  | HP: 2/85 [fire elemental (8)]
 13242 | Volcano  | HP: 1/85 [fire elemental (5)]
 13246 | Volcano  | Mangled by a fire elemental

Vault maps used:
D:1:      matt_arrival_los_fun, minmay_rat_gold_closets
D:2:      okawaru_gym_becter
D:3:      minmay_goblin_kobold_castle, first_bread, minmay_curled_crystal
D:4:      cheibrodos_greedy_goblins, serial_shops, kennysheep_little_box,
          minivault_27
D:5:      overflow_temple_1_default, nicolae_gozag_zags_fifth_avenue
D:6:      lemuel_doored_altar, minmay_divided_ellipse, uniq_eustachio,
          uniq_grinder
D:7:      the_bakery, uniq_pikel
D:8:      zin_academy, serial_shops, nicolae_shop_crystal,
          lemuel_mausoleum_altar_kikubaaqudgha, uniq_psyche
D:9:      elyvilon_altar_4, dpeg_oklobed_lair
Lair:2:   kb_forest_paths, swamp_mist, enter_volcano_2
Volcano:  volcano_lake

Skill      XL: |  1  2  3  4  5  6  7  8  9 10 11 |
---------------+----------------------------------+-----
Shields        | 4 5 6 7 8 |  8.7
Fighting       | 4 5 6 7 8 |  8.8
Long Blades    | 3 4 5 6 7 8 9 |  9.6
Armour         | 4 5 6 7 8 |  8.2
Dodging        | 1 |  1.9
Stealth        | 1 |  1.0
Transmutations | 2 4 5 |  5.0
Spellcasting   | 2 4 5 |  5.0

Action                   |  1- 3 |  4- 6 |  7- 9 | 10-12 || total
-------------------------+-------+-------+-------+-------++-------
Melee: Long sword        |   107 |   233 |   360 |   556 ||  1256
       Headbutt          |       |    14 |    78 |    74 ||   166
Invok: Convert to Beogh  |       |       |     1 |       ||     1
  Use: Scroll            |     3 |     3 |     4 |     9 ||    19
       Potion            |     4 |     2 |     3 |     7 ||    16
 Stab: Distracted        |       |       |       |     1 ||     1
  Eat: Chunk             |       |     6 |     7 |     4 ||    17
       Bread ration      |       |       |     2 |     4 ||     6
       Fruit             |       |       |     1 |     3 ||     4
       Pizza             |       |       |       |     2 ||     2
Armor: Scale mail        |    53 |   112 |    54 |       ||   219
       Plate armour      |       |       |    85 |   260 ||   345
Dodge: Dodged            |    40 |    97 |    93 |    98 ||   328
Block: Shield            |    63 |   143 |   200 |   260 ||   666
       Rpst.: Long sword |    15 |    29 |    32 |    22 ||    98
